[Event "Late-Titled-Tuesday-Blitz-March-19-2024"]
[Site "Chess.com"]
[Date "2024.03.19"]
[Round "11"]
[White "ChessBrainiacOnTwitch"]
[Black "Mikasinski"]
[Result "1-0"]
[WhiteElo "2811"]
[BlackElo "2644"]
[TimeControl "180+1"]
[EndTime "16:03:07 PDT"]
[Termination "ChessBrainiacOnTwitch won by resignation"]

1. Nf3 Nf6 2. g3 e6 3. Bg2 c5 4. O-O Nc6 5. d3 e5 6. e4 d6 7. a4 Be7 8. Nbd2 O-O 9. Re1 h6 10. h3 Be6 11. Nc4 Rc8 12. Kh2 Re8 13. Nfd2 Qc7 14.
Ne3 Rcd8 15. Nd5 Bxd5 16. exd5 Nb4 17. Ne4 Nbxd5 18. Nxf6+ Nxf6 19. f4 Bf8 20. Qf3 b6 21.
a5 bxa5 22. Bd2 Rb8 23. Bxa5 Qd7 24. fxe5 Rxe5 25. Bc3 Rxe1 26. Rxe1 Nh7 27. h4 Re8 28. Rf1 g6 29. h5 Ng5 30. Qf6 Re5 31. Bxe5 dxe5 32.
hxg6 fxg6 33. Qxf8+ 1-0

[Event "Late-Titled-Tuesday-Blitz-March-19-2024"]
[Site "Chess.com"]
[Date "2024.03.19"]
[Round "11"]
[White "balack95"]
[Black "kriscacco"]
[Result "0-1"]
[WhiteElo "2428"]
[BlackElo "2152"]
[TimeControl "180+1"]
[EndTime "16:03:08 PDT"]
[Termination "kriscacco won by resignation"]

1. c4 g6 2. h4 h5 3. e4 Bg7 4. d4 c5 5. Ne2 Na6 6. d5 d6 7. Nbc3 Nc7 8. Bg5 Nf6 9. Qd2 a6 10. a4 b6 11. g3 Bd7 12. Bg2 b5 13. axb5 axb5 14. Rxa8 Qxa8 15. O-O bxc4 16. e5 Ng4 17. e6 Bb5 18. exf7+ Kxf7 19. Qf4+ Bf6 20. Nxb5 Nxb5 21.
Bxf6 exf6 22. Qxc4 Ne5 23. Qxb5 Rb8 24. Nc3 Rxb5 25.
Nxb5 Qb8 26. Nc3 Qxb2 27. Ne4 Ke7 28. f4 Nd3 29. f5 gxf5 30. Rxf5 c4 31. Nxf6 c3 32.
Ng8+ Kd8 33. Rf8+ Kc7 34. Ne7 c2 35. Rc8+ Kb7 36. Rxc2 Qxc2 37. Nc6 Qf2+ 38. Kh2 Ne1 0-1

[Event "Late-Titled-Tuesday-Blitz-March-19-2024"]
[Site "Chess.com"]
[Date "2024.03.19"]
[Round "11"]
[White "RichardLeyvaP"]
[Black "JoakimVonAnd"]
[Result "1-0"]
[WhiteElo "2564"]
[BlackElo "2690"]
[TimeControl "180+1"]
[EndTime "16:03:18 PDT"]
[Termination "RichardLeyvaP won on time"]

1. e4 c5 2. Nf3 d6 3. d4 cxd4 4. Nxd4 Nf6 5. Nc3 a6 6. f3 e5 7.
Nb3 Be6 8. Be3 h5 9. Qd2 Nbd7 10.
O-O-O Rc8 11. Kb1 b5 12. g3 Be7 13. h3 Nb6 14. Qf2 Nc4 15. Bxc4 Rxc4 16. g4 Rxc3 17.
bxc3 Qc8 18. g5 Nd7 19. Kb2 g6 20. f4 exf4 21. Bxf4 Ne5 22. Nd4 Nc4+ 23. Ka1 O-O 24. Nxe6 fxe6 25. Qg3 Qc5 26. Rhf1 Bd8 27. Bc1 Rxf1 28.
Rxf1 Ba5 29. Qf3 1-0

[Event "Late-Titled-Tuesday-Blitz-March-19-2024"]
[Site "Chess.com"]
[Date "2024.03.19"]
[Round "11"]
[White "Misterfox120"]
[Black "Bastiandash"]
[Result "0-1"]
[WhiteElo "2479"]
[BlackElo "2611"]
[TimeControl "180+1"]
[EndTime "16:03:20 PDT"]
[Termination "Bastiandash won by resignation"]

1. d4 Nf6 2. Bf4 d6 3. Nf3 g6 4. Nbd2 Bg7 5. e4 O-O 6. c3 Nc6 7. Be2 Nd7 8. O-O e5 9. dxe5 dxe5 10. Be3 Qe7 11. Qc2 h6 12. Rfd1 f5 13. exf5 gxf5 14.
Nc4 f4 15. Bc1 e4 16. Nd4 Nxd4 17. cxd4 f3 18. Bf1 fxg2 19. Bxg2 Nf6 20. Ne5 Bf5 21. Be3 c6 22. Rac1 Rae8 23. Re1 Qe6 24. b3 Nd5 25. Bxe4 Bxe5 26. dxe5 Qg6+ 27. Bg5 0-1

[Event "Late-Titled-Tuesday-Blitz-March-19-2024"]
[Site "Chess.com"]
[Date "2024.03.19"]
[Round "11"]
[White "Harsha_Bharathakoti"]
[Black "mishanick"]
[Result "1-0"]
[WhiteElo "2973"]
[BlackElo "3113"]
[TimeControl "180+1"]
[EndTime "16:03:22 PDT"]
[Termination "Harsha_Bharathakoti won by resignation"]

1. Nf3 d5 2. g3 g6 3. Bg2 Bg7 4. d4 Nf6 5. O-O c6 6. c3 O-O 7.
Bf4 Nbd7 8. a4 a5 9. Nbd2 Nh5 10. Be3 Re8 11. c4 Ndf6 12. Ne5 Qb6 13. h3 Nd7 14. cxd5 cxd5 15. Bxd5 Nxe5 16. dxe5 Qd8 17. Bg2 Bxe5 18. Nc4 Bc7 19. Rc1 Be6 20. Bxb7 Rb8 21. Bg2 Rb4 22. b3 Rxb3 23. Qxb3 Qc8 24. Qb5 Bd7 25. Bc6 Bxh3 26.
Bxe8 Qg4 27. Qd7 Qe4 28. Qc6 Qg4 29. Qxc7 Bxf1 30. Rxf1 Nxg3 31. Qxg3 1-0

[Event "Late-Titled-Tuesday-Blitz-March-19-2024"]
[Site "Chess.com"]
[Date "2024.03.19"]
[Round "11"]
[White "vova-79"]
[Black "JaackCamel"]
[Result "0-1"]
[WhiteElo "2499"]
[BlackElo "2201"]
[TimeControl "180+1"]
[EndTime "16:03:25 PDT"]
[Termination "JaackCamel won by resignation"]

1. d4 d5 2. c4 e6 3. Nc3 c6 4.
e3 Nf6 5. Nf3 Nbd7 6. Qc2 Bd6 7.
Bd2 O-O 8. O-O-O dxc4 9. e4 e5 10. Bxc4 Qc7 11. g3 Nb6 12. Be2 Ng4 13. dxe5 Nxe5 14.
Nxe5 Bxe5 15. f4 Bd4 16. Kb1 Be6 17. Nb5 Qd8 18. Nxd4 Qxd4 19. f5 Bc4 20. Bc3 Qf2 21. Bxc4 Qxc2+ 22. Kxc2 Nxc4 23. Rd7 Rab8 24. Re1 f6 25. b3 Nb6 26. e5 Nxd7 0-1

[Event "Late-Titled-Tuesday-Blitz-March-19-2024"]
[Site "Chess.com"]
[Date "2024.03.19"]
[Round "11"]
[White "gympod"]
[Black "Bryanl106"]
[Result "1-0"]
[WhiteElo "2447"]
[BlackElo "2662"]
[TimeControl "180+1"]
[EndTime "16:03:28 PDT"]
[Termination "gympod won by resignation"]

1. c4 Nf6 2. g3 g6 3. Bg2 Bg7 4.
Nc3 O-O 5. e4 d6 6. Nge2 Nc6 7.
O-O a5 8. d3 Nd7 9. Be3 e5 10.
Qd2 f5 11. exf5 gxf5 12. d4 Nb6 13. b3 a4 14. Rad1 axb3 15. axb3 Qe8 16. Nb5 Qe7 17. dxe5 dxe5 18. c5 Nd7 19. Nxc7 Ra3 20. Nd5 Qd8 21. b4 Kh8 22. b5 Ncb8 23. Nb6 Qc7 24. Nxc8 Rxc8 25.
Qb4 Ra8 26. b6 Qd8 27. Bxb7 Na6 28. Qb5 Naxc5 29. Bxa8 Rxa8 30. Bxc5 f4 31. Rxd7 Qg5 32.
b7 Rb8 33. Bd6 f3 34. Bxb8 Qh5 35. Rd8+ Bf8 36. Rxf8+ Kg7 37. Qxe5+ Kxf8 38. Qxh5 1-0

[Event "Late-Titled-Tuesday-Blitz-March-19-2024"]
[Site "Chess.com"]
[Date "2024.03.19"]
[Round "11"]
[White "nabukatnezarr"]
[Black "stepanosinovsky"]
[Result "1-0"]
[WhiteElo "2592"]
[BlackElo "2369"]
[TimeControl "180+1"]
[EndTime "16:03:33 PDT"]
[Termination "nabukatnezarr won on time"]

1. e4 e5 2. Nc3 Nf6 3. Bc4 Nxe4 4. Qh5 Nd6 5. Qxe5+ Qe7 6. Qxe7+ Bxe7 7. Bb3 c6 8. d4 Nf5 9. d5 Nd4 10. Be3 Nxb3 11.
axb3 c5 12. d6 Bxd6 13. Nb5 Ke7 14. O-O-O Be5 15. Bxc5+ d6 16. Nxd6 Na6 17. Nxc8+ Ke6 18. Bd4 Bxd4 19. Rxd4 Raxc8 20. Nf3 Kf6 21. Rf4+ Kg6 22.
Ne5+ Kg5 23. Rxf7 1-0

[Event "Late-Titled-Tuesday-Blitz-March-19-2024"]
[Site "Chess.com"]
[Date "2024.03.19"]
[Round "11"]
[White "ChessSwole"]
[Black "Der_Balak_3Halak"]
[Result "1-0"]
[WhiteElo "2657"]
[BlackElo "2412"]
[TimeControl "180+1"]
[EndTime "16:03:36 PDT"]
[Termination "ChessSwole won by checkmate"]

1. e4 c5 2. Nf3 Nc6 3. d4 cxd4 4.
Nxd4 Nf6 5. Nc3 g6 6. Nxc6 bxc6 7. e5 Ng8 8. Bc4 Bg7 9. Qf3 e6 10. Bf4 Ne7 11. O-O-O Rb8 12. Ne4 O-O 13. h4 Nd5 14. h5 Rb4 15. h6 Bh8 16. Bb3 Qc7 17. Bg3 Bxe5 18. Bxd5 cxd5 19. Nf6+ Kh8 20. c3 Rc4 21. Ng4 Bxg3 22. Qf6+ Kg8 23. Qg7# 1-0

[Event "Late-Titled-Tuesday-Blitz-March-19-2024"]
[Site "Chess.com"]
[Date "2024.03.19"]
[Round "11"]
[White "GM_shahin"]
[Black "AccioChess"]
[Result "1-0"]
[WhiteElo "2862"]
[BlackElo "2511"]
[TimeControl "180+1"]
[EndTime "16:03:40 PDT"]
[Termination "GM_shahin won on time"]

1. e4 c5 2. Nf3 Nc6 3. d4 cxd4 4. Nxd4 Nf6 5. Nxc6 bxc6 6. Bd3 e5 7. O-O Bc5 8. Nd2 O-O 9. Qe2 h6 10. a4 Re8 11. a5 d5 12. c3 Bg4 13. Nf3 Bh5 14.
b4 Bd6 15. Rd1 Qc7 16. h3 Rad8 17. Qe3 dxe4 18. Bxe4 Nxe4 19. Qxe4 Bg6 20. Qc4 Bxb4 21. Rxd8 Rxd8 22. Bxh6 Bxa5 23. Bg5 Rd5 24. Nh4 Bd3 25. Qg4 Bb6 26. Bf6 g6 27. Qg5 Qd6 28. Nf3 e4 29. Ne5 Qe6 30. Qh4 1-0

[Event "Late-Titled-Tuesday-Blitz-March-19-2024"]
[Site "Chess.com"]
[Date "2024.03.19"]
[Round "11"]
[White "ContrVersia"]
[Black "DamianoLew95"]
[Result "1-0"]
[WhiteElo "2911"]
[BlackElo "2732"]
[TimeControl "180+1"]
[EndTime "16:03:41 PDT"]
[Termination "ContrVersia won by resignation"]

1. Nf3 Nf6 2. c4 e6 3. g3 a6 4. Bg2 b5 5. b3 Bb7 6. Nc3 b4 7. Na4 Be7 8. O-O O-O 9. d4 a5 10. Bb2 d5 11. cxd5 Bxd5 12. Rc1 Nbd7 13. Qc2 Be4 14.
Qxc7 Qe8 15. Nd2 Nd5 16. Qc6 Bxg2 17. Kxg2 Bg5 18. Rfd1 Qe7 19. e4 N5f6 20. f4 Bh6 21. Nf3 Nh5 22. Nc5 Ndf6 23. Nd3 g6 24. Re1 Rfd8 25. d5 Rac8 26. Qxc8 Rxc8 27. Rxc8+ Bf8 28. dxe6 Qxe6 29. Rc4 Qg4 30. Bxf6 Nxf6 31. h3 Qd7 32. Nfe5 Qd6 33. Rc6 Qd8 34. Nf2 Be7 35. Rec1 Qd4 36. Nf3 Qd7 37. Rc7 Qe6 38. R1c6 1-0

[Event "Late-Titled-Tuesday-Blitz-March-19-2024"]
[Site "Chess.com"]
[Date "2024.03.19"]
[Round "11"]
[White "rhwr"]
[Black "MathiasWomacka"]
[Result "0-1"]
[WhiteElo "2312"]
[BlackElo "2485"]
[TimeControl "180+1"]
[EndTime "16:03:41 PDT"]
[Termination "MathiasWomacka won by resignation"]

1. e4 c5 2. Nf3 d6 3. d4 cxd4 4.
Nxd4 Nf6 5. Nc3 a6 6. Be2 e5 7.
Nb3 Be7 8. O-O O-O 9. Be3 Be6 10.
h3 Nbd7 11. f4 exf4 12. Rxf4 Ne5 13. Nd4 Rc8 14. Nxe6 fxe6 15. Qd2 b5 16. Raf1 Qc7 17. a3 h6 18. R4f2 Qc6 19. Bd3 Nc4 20. Bxc4 Qxc4 21. Qd3 Nd7 22. Rxf8+ Bxf8 23. Qxc4 Rxc4 24. Kf2 Ne5 25.
Ke2 Rc7 26. Bc1 Nc4 27. Kd3 Be7 28. Nd1 Ne5+ 29. Kd2 Bg5+ 30. Ne3 Bxe3+ 31. Kxe3 Rxc2 32.
Rd1 Rxg2 33. b3 Rg3+ 34. Kf2 Rxb3 35. Rxd6 Nd3+ 0-1

[Event "Late-Titled-Tuesday-Blitz-March-19-2024"]
[Site "Chess.com"]
[Date "2024.03.19"]
[Round "11"]
[White "WilsonPalencia21"]
[Black "Kopytkin"]
[Result "1-0"]
[WhiteElo "2615"]
[BlackElo "2408"]
[TimeControl "180+1"]
[EndTime "16:03:45 PDT"]
[Termination "WilsonPalencia21 won by resignation"]

1. d4 Nf6 2. c4 d6 3. Nf3 Nc6 4. Nc3 e5 5. d5 Ne7 6. e4 c5 7. g3 g6 8. Bg2 Bg7 9. O-O O-O 10.
Ne1 Ne8 11. Nd3 f5 12. f4 a6 13. fxe5 dxe5 14. Nxc5 f4 15. Nd3 g5 16. Kh1 Ng6 17.
g4 b6 18. Bf3 Nd6 19. b3 Rf7 20.
Bd2 Nh4 21. Be1 Ng6 22. Bf2 Bf8 23. Rc1 Qe8 24. Bxb6 Nh4 25. Bf2 Nxf3 26. Qxf3 Rg7 27. h3 h5 28. Rg1 hxg4 29. hxg4 Qg6 30. Kg2 Nxe4 31. Qxe4 Qxe4+ 32. Nxe4 Bxg4 33. Nf6+ 1-0

[Event "Late-Titled-Tuesday-Blitz-March-19-2024"]
[Site "Chess.com"]
[Date "2024.03.19"]
[Round "11"]
[White "NoSpaghettiForYou"]
[Black "CarlosjPineror"]
[Result "0-1"]
[WhiteElo "2479"]
[BlackElo "2685"]
[TimeControl "180+1"]
[EndTime "16:03:51 PDT"]
[Termination "CarlosjPineror won by resignation"]

1. Nf3 c5 2. e4 e6 3. d4 cxd4 4. Nxd4 a6 5. Qf3 Qc7 6. Nc3 Nf6 7. Bg5 Be7 8. O-O-O Nc6 9. Nxc6 dxc6 10. g4 e5 11. h3 Be6 12. Be3 b5 13. Qg3 b4 14.
Na4 Nxe4 15. Qg2 Nf6 16. Bb6 Qb7 17. Bc5 Bd5 18. f3 Bxc5 19. Nxc5 Qb6 20. Nd3 Qa5 21. Qd2 Bxf3 22. Bg2 Qxa2 23. Qxb4 Bxg2 24. Rhe1 O-O-O 25. Rxe5 Rhe8 26. Rxe8 Rxe8 27. Nc5 Qa1+ 28. Kd2 Rd8+ 29. Kc3 Rxd1 30. Qb7+ Kd8 31. Qb8+ Ke7 32. Nb3 Qa4 33.
Qe5+ Kf8 34. Nc5 Qa5+ 35. Kb3 Bd5+ 36. c4 Qxc5 0-1

[Event "Late-Titled-Tuesday-Blitz-March-19-2024"]
[Site "Chess.com"]
[Date "2024.03.19"]
[Round "11"]
[White "Mariia89"]
[Black "ploxoi"]
[Result "0-1"]
[WhiteElo "2275"]
[BlackElo "2411"]
[TimeControl "180+1"]
[EndTime "16:03:51 PDT"]
[Termination "ploxoi won on time"]

1. d4 d5 2. c4 e6 3. Nc3 c6 4. e3 Nf6 5. Nf3 Be7 6. Bd3 O-O 7. O-O c5 8. cxd5 Nxd5 9. e4 Nb4 10. Bb1 N8c6 11. a3 Na6 12. d5 exd5 13. exd5 Ncb8 14. Qd3 g6 15. Bh6 Re8 16. Qd2 Bg4 17. Ne5 Bd7 18. Qf4 Bf6 19. Ng4 Bxg4 20. Qxg4 Bg7 21. Bxg7 Kxg7 22.
h4 Re5 23. Bd3 Qd7 24. Qg3 Re8 25. Rfe1 Nc7 26. Rxe8 Nxe8 27. h5 Nf6 28. h6+ Kxh6 29.
Qe3+ Kg7 30. Qxc5 Qg4 31. Re1 Nbd7 32. Qd6 Nb6 33. Re3 Qd7 34. Qxd7 Nfxd7 35. Re7 Nc5 36. Bb5 Rd8 0-1

[Event "Late-Titled-Tuesday-Blitz-March-19-2024"]
[Site "Chess.com"]
[Date "2024.03.19"]
[Round "11"]
[White "liwadas82"]
[Black "Cluke86"]
[Result "1-0"]
[WhiteElo "2514"]
[BlackElo "2342"]
[TimeControl "180+1"]
[EndTime "16:03:52 PDT"]
[Termination "liwadas82 won on time"]

1. e4 d6 2. d4 Nf6 3. Nc3 e5 4. Nf3 Nbd7 5. Bc4 Be7 6. O-O c6 7. a4 Qc7 8. Re1 h6 9. b3 b6 10. Ba3 Bb7 11. Nh4 g6 12. d5 a6 13. dxc6 Bxc6 14.
Nf3 Nc5 15. Nd5 Bxd5 16. Bxd5 Nxd5 17. exd5 O-O 18. c4 Bf6 19. Rc1 e4 20. Nd2 Nd3 21. Nxe4 Bb2 22. Qxd3 Bxa3 23. Nf6+ Kh8 24. Qc3 Qc8 25.
Ne8+ f6 26. Nxf6 1-0

[Event "Late-Titled-Tuesday-Blitz-March-19-2024"]
[Site "Chess.com"]
[Date "2024.03.19"]
[Round "11"]
[White "ninguno46"]
[Black "Jahonas"]
[Result "1-0"]
[WhiteElo "2529"]
[BlackElo "2374"]
[TimeControl "180+1"]
[EndTime "16:03:59 PDT"]
[Termination "ninguno46 won by resignation"]

1. e4 e5 2. Nf3 Nf6 3. Nxe5 d6 4.
Nf3 Nxe4 5. Nc3 Nxc3 6. dxc3 Be7 7. Be3 O-O 8. Qd2 Nc6 9. O-O-O Be6 10. Kb1 Bf6 11. h3 a5 12. g4 Ne5 13. Nxe5 Bxe5 14. f4 Bf6 15. f5 Bd7 16. Bg2 Bc6 17. Rhf1 Be5 18. g5 a4 19. a3 Qd7 20. Bd5 Bxd5 21. Qxd5 Qc6 22. Qd3 g6 23. Bd4 Rae8 24. Rde1 Bxd4 25.
cxd4 Qd5 26. fxg6 hxg6 27. h4 b5 28. Qh3 Qxd4 29. h5 gxh5 30. Qxh5 Qg7 31. Rg1 c6 32.
Rxe8 Rxe8 33. g6 Kf8 34. Rf1 Re7 35. gxf7 Rxf7 36. Re1 Re7 37. Qf5+ Kg8 38. Qc8+ Kh7 39. Rh1+ 1-0

[Event "Late-Titled-Tuesday-Blitz-March-19-2024"]
[Site "Chess.com"]
[Date "2024.03.19"]
[Round "11"]
[White "Bilan_Danila"]
[Black "uzkuzk"]
[Result "1-0"]
[WhiteElo "2642"]
[BlackElo "2488"]
[TimeControl "180+1"]
[EndTime "16:04:00 PDT"]
[Termination "Bilan_Danila won by checkmate"]

1. d4 e5 2. dxe5 Nc6 3. Nf3 Qe7 4. g3 Nxe5 5. Nxe5 Qxe5 6. Bg2 h5 7. Nc3 Bb4 8. Qd3 Nf6 9. Bf4 Qc5 10. O-O Bxc3 11.
bxc3 d5 12. Be5 c6 13. Bxf6 gxf6 14. e4 Be6 15. exd5 O-O-O 16. c4 cxd5 17. cxd5 Bxd5 18. Qf5+ Kb8 19. Rad1 h4 20. Rxd5 Rxd5 21. Qxd5 Qxd5 22. Bxd5 hxg3 23. fxg3 Rd8 24. Bxf7 Rd2 25. Rf2 Rd1+ 26. Kg2 Kc7 27. Rxf6 Rd2+ 28. Rf2 Rd1 29. h4 Kd6 30. h5 Ke7 31. h6 Rd8 32. h7 Rh8 33. Bg8 b5 34. g4 a5 35. g5 b4 36. g6 b3 37. axb3 a4 38. bxa4 Kd6 39. Rf5 Kc6 40.
g7 Kb6 41. gxh8=Q Ka6 42. Qf6+ Kb7 43. h8=Q Kc7 44. Qhg7+ Kc8 45. Re5 Kb8 46. Bd5 Kc8 47. a5 Kb8 48. a6 Kc8 49. c3 Kb8 50. a7+ Kc8 51. a8=Q# 1-0

[Event "Late-Titled-Tuesday-Blitz-March-19-2024"]
[Site "Chess.com"]
[Date "2024.03.19"]
[Round "11"]
[White "TheMagician"]
[Black "McCarthyStone"]
[Result "0-1"]
[WhiteElo "2228"]
[BlackElo "2372"]
[TimeControl "180+1"]
[EndTime "16:04:00 PDT"]
[Termination "McCarthyStone won on time"]

1. d4 d6 2. e4 Nf6 3. Nc3 Nc6 4.
Nf3 Bg4 5. d5 Nb8 6. Bg5 g6 7. Qd3 Bxf3 8. gxf3 Bg7 9. Qb5+ Nbd7 10. Be3 O-O 11. Be2 c6 12. dxc6 bxc6 13. Qxc6 Ne5 14. Qa4 Rb8 15. Rb1 a5 16. a3 Qc7 17.
Qd4 Rfc8 18. Kf1 Nxf3 19. Bxf3 Nd7 20. Qa7 Bxc3 21. Qxc7 Rxc7 22. Kg2 Rxb2 23. Rxb2 Bxb2 24. Bd2 Rxc2 25. Bxa5 Bxa3 26. Rb1 Bc5 27. Be1 Ne5 28. Rb8+ Kg7 29. Rb7 Nd3 30. Ba5 Bxf2 31. Kf1 Bd4 32. Be2 Nf4 0-1

[Event "Late-Titled-Tuesday-Blitz-March-19-2024"]
[Site "Chess.com"]
[Date "2024.03.19"]
[Round "11"]
[White "shirovin"]
[Black "OverallStranger"]
[Result "0-1"]
[WhiteElo "2058"]
[BlackElo "2362"]
[TimeControl "180+1"]
[EndTime "16:04:00 PDT"]
[Termination "OverallStranger won on time"]

1. e4 e5 2. Nf3 Nf6 3. Nxe5 Nc6 4. Nf3 Nxe4 5. d4 d5 6. Nc3 Bb4 7. Bd2 O-O 8. Bd3 Re8 9. O-O Bd6 10. Re1 Bf5 11.
Be3 Ne7 12. Nd2 Nxc3 13. bxc3 Bxd3 14. cxd3 c6 15. Qf3 Qd7 16. Qh3 Qxh3 17. gxh3 Nf5 18.
Nf3 Re6 19. Re2 Rae8 20. Rae1 Bf4 21. Ne5 Bxe5 22. dxe5 Rxe5 23. Kf1 g6 24. Bxa7 Rxe2 25. Rxe2 Rxe2 26. Kxe2 Kf8 27. Bc5+ Ke8 28. Kf3 h5 29. Kf4 f6 30. Bb6 Kd7 31. Bc5 Ke6 32. a4 g5+ 33.
Kf3 Nd6 34. d4 Ne4 35. Bb4 Nd2+ 36. Ke3 Nf1+ 37. Kf3 h4 38. Ke2 Nxh2 39. Bc5 g4 40. hxg4 h3 41. f4 Nxg4 42. Kf3 h2 43. Kg2 Kf5 44.
Bd6 Ke4 45. Bc7 f5 46. Bb8 Kd3 47. Ba7 Kxc3 48. a5 Ne3+ 49. Kxh2 Nc2 50. Bb6 Nxd4 0-1

[Event "Late-Titled-Tuesday-Blitz-March-19-2024"]
[Site "Chess.com"]
[Date "2024.03.19"]
[Round "11"]
[White "NovakRatko"]
[Black "lluiss"]
[Result "1-0"]
[WhiteElo "2410"]
[BlackElo "2265"]
[TimeControl "180+1"]
[EndTime "16:04:01 PDT"]
[Termination "NovakRatko won on time"]

1. d4 Nf6 2. c4 g6 3. Nc3 d5 4.
f3 Bg7 5. e4 dxe4 6. fxe4 e5 7.
d5 O-O 8. Bg5 h6 9. Bh4 c6 10.
Be2 Qa5 11. Qd2 g5 12. Bg3 b5 13. cxb5 cxd5 14. exd5 e4 15. Nxe4 Qxd2+ 16. Nxd2 Nxd5 17. Bf3 Be6 18. O-O-O Nd7 19. Kb1 f5 20. Bd6 Rfd8 21. Nb3 N7b6 22. Bc5 Na4 23. Ba3 Rab8 24. Ne2 Rxb5 25.
Ned4 Bxd4 26. Nxd4 Nac3+ 27. Kc2 Nxd1 28. Nxb5 N1e3+ 29. Kb1 Rb8 30. Nd4 Nc3+ 31. Ka1 g4 32. Bc6 Rb6 33.
bxc3 1-0

[Event "Late-Titled-Tuesday-Blitz-March-19-2024"]
[Site "Chess.com"]
[Date "2024.03.19"]
[Round "11"]
[White "bitter-cikolata"]
[Black "Roedor"]
[Result "0-1"]
[WhiteElo "2496"]
[BlackElo "2353"]
[TimeControl "180+1"]
[EndTime "16:04:03 PDT"]
[Termination "Roedor won by resignation"]

1. e4 e5 2. Nf3 Nc6 3. Nc3 Nf6 4. a3 g6 5. d4 exd4 6. Nxd4 Bg7 7. Nde2 O-O 8. g3 d5 9. exd5 Ne5 10. Bg2 Bg4 11.
f4 Bf3 12. fxe5 Bxg2 13. exf6 Bxh1 14. fxg7 Re8 15. Bf4 Bf3 16. Qd3 Bxe2 17. Nxe2 Qe7 18. Kf2 Rad8 19. c4 c6 20. d6 Qf6 21. Qc3 Rxd6 22. Qxf6 Rxf6 23. Rd1 g5 24. Rd7 gxf4 25.
Nxf4 c5 26. Kg2 Rxf4 27. gxf4 Re2+ 28. Kf3 Rxb2 29. h4 Kxg7 30. Rc7 Rb3+ 31. Kg4 Rxa3 32. Rxb7 Ra4 33. Rc7 Rxc4 34. Rxa7 Rc1 35. Rc7 c4 36. Kf5 c3 37. h5 c2 38. Rc6 Rh1 39. Rxc2 Rxh5+ 40. Kg4 Rh1 41. Kf5 h5 42. Rg2+ Kh6 43. Kf6 Rf1 44. f5 h4 45. Rg8 Kh5 46. Rg5+ Kh6 47.
Rg7 Rxf5+ 48. Kxf5 Kxg7 49. Kg4 Kf6 50. Kxh4 Ke5 51. Kg3 Ke4 52. Kg2 Kf4 53. Kf2 f5 0-1

[Event "Late-Titled-Tuesday-Blitz-March-19-2024"]
[Site "Chess.com"]
[Date "2024.03.19"]
[Round "11"]
[White "Zohid6"]
[Black "AryanTari"]
[Result "1-0"]
[WhiteElo "2900"]
[BlackElo "3003"]
[TimeControl "180+1"]
[EndTime "16:04:06 PDT"]
[Termination "Zohid6 won by resignation"]

1. e4 e5 2. Nf3 Nc6 3. Bb5 Nge7 4. O-O Ng6 5. c3 d5 6. Qa4 dxe4 7. Qxe4 Bd6 8. d4 f5 9. Qe2 e4 10. Ng5 Bf4 11. Qh5 Qxg5 12. Qxg5 Bxg5 13. Bxg5 Bd7 14. f3 f4 15. fxe4 O-O 16. g3 Bh3 17. Rxf4 Nxf4 18.
Bxf4 h6 19. Nd2 a6 20. Bc4+ Kh7 21. Bxc7 Nxd4 22. cxd4 Rac8 23. Bd6 Rfe8 24. e5 Bf5 25. Rf1 Bg6 26. a4 Red8 27. b3 b5 28. axb5 axb5 29. Bd5 Rc2 30. Ne4 Re2 31. Nc5 Rd2 32. Ne6 Rc8 33.
Nf8+ Rxf8 34. Rxf8 Rxd4 35. Bg8+ 1-0

[Event "Late-Titled-Tuesday-Blitz-March-19-2024"]
[Site "Chess.com"]
[Date "2024.03.19"]
[Round "11"]
[White "Godzillator"]
[Black "angelgab3"]
[Result "0-1"]
[WhiteElo "2404"]
[BlackElo "2622"]
[TimeControl "180+1"]
[EndTime "16:04:07 PDT"]
[Termination "angelgab3 won by checkmate"]

1. Nf3 d5 2. d4 Nf6 3. e3 e6 4. c4 Be7 5. Nc3 O-O 6. b3 c5 7.
cxd5 cxd4 8. Qxd4 exd5 9. Bb2 Nc6 10. Qd1 Bb4 11. Be2 Ne4 12. Rc1 Qa5 13. Qc2 Bf5 14. Bd3 Nxc3 15. Bxc3 Bxc3+ 16. Qxc3 Bxd3 17. Qxa5 Nxa5 18. Rc5 b6 19. Rxd5 Rad8 20. Rxd8 Rxd8 21. Nd4 Be4 22. f3 Bb7 23. Kf2 Nc6 24. Rd1 Nxd4 25.
exd4 Kf8 26. Ke3 Ke8 27. Rc1 Kd7 28. b4 Rc8 29. Re1 Rc3+ 30. Kf4 Rc2 31. a4 Rxg2 32. a5 Rxh2 33. axb6 axb6 34. Ra1 Rh3 35. d5 Rxf3+ 36. Kxf3 Bxd5+ 37. Ke3 h5 38. Ra7+ Kc6 39. Kf4 Kb5 40.
Rd7 Be6 41. Rd4 h4 42. Ke5 h3 43. Rh4 g5 44. Rh5 g4 45. Kd6+ Kxb4 46. Kc6 g3 47. Rg5 h2 48. Rxg3 h1=Q+ 49. Kxb6 Qe1 50. Rg8 Qe3+ 51. Ka6 Bc4+ 52. Kb7 Qe7+ 53. Kb6 Qd6+ 54. Ka7 Qc7+ 55. Ka8 Bd5# 0-1

[Event "Late-Titled-Tuesday-Blitz-March-19-2024"]
[Site "Chess.com"]
[Date "2024.03.19"]
[Round "11"]
[White "cukricek"]
[Black "ThaBarWa"]
[Result "0-1"]
[WhiteElo "2465"]
[BlackElo "2357"]
[TimeControl "180+1"]
[EndTime "16:04:09 PDT"]
[Termination "ThaBarWa won by checkmate"]

1. g3 g6 2. Bg2 Bg7 3. Nf3 Nf6 4.
O-O O-O 5. c4 d6 6. Nc3 Nbd7 7.
Rb1 c6 8. b4 e5 9. d3 Re8 10. b5 d5 11. bxc6 bxc6 12. cxd5 cxd5 13. Bg5 Nb6 14. d4 e4 15. Ne5 h6 16. Bc1 Ng4 17.
Nxg4 Bxg4 18. h3 Be6 19. e3 Qd7 20. Kh2 Rec8 21. Bd2 h5 22. h4 Bf6 23. Qb3 Nc4 24. Rfd1 Nxd2 25. Rxd2 Bxh4 26. Na4 Rab8 27. Qxb8 Rxb8 28.
Rxb8+ Kg7 29. Nc5 Qd6 30. Rdb2 Be7 31. R8b7 h4 32. Rxa7 hxg3+ 33. fxg3 Bc8 34. Ra8 Bh4 35. Rxc8 Qxg3+ 36. Kh1 Qe1+ 37. Kh2 Qxe3 38. Rb7 Bg3+ 39. Kh3 Bf4+ 40. Kg4 Qg3# 0-1

[Event "Late-Titled-Tuesday-Blitz-March-19-2024"]
[Site "Chess.com"]
[Date "2024.03.19"]
[Round "11"]
[White "Szparu"]
[Black "mbachez"]
[Result "1-0"]
[WhiteElo "2803"]
[BlackElo "2668"]
[TimeControl "180+1"]
[EndTime "16:04:10 PDT"]
[Termination "Szparu won on time"]

1. e4 e5 2. f4 d5 3. exd5 exf4 4. Nf3 c6 5. d4 Bd6 6. c4 cxd5 7. Nc3 Nf6 8. cxd5 O-O 9. Be2 Re8 10. O-O Bg4 11.
h3 Bh5 12. Qe1 Qe7 13. Qh4 Bb4 14. Bxf4 Bxc3 15. bxc3 Qxe2 16. Rae1 Qb5 17. c4 Qa4 18. Ne5 Nbd7 19. Bg5 Bg6 20. Rf2 Qb4 21. Ref1 Rac8 22. Bd2 Qd6 23. Bf4 Qa3 24. Bg5 Nxe5 25. dxe5 Rxe5 26. Bxf6 gxf6 27. Qxf6 Ree8 28. h4 h5 29. d6 Rcd8 30. g4 Qg3+ 31. Rg2 Rxd6 32. Rxg3 Rxf6 33. Rxf6 Kg7 34. Rf2 hxg4 35. Rxg4 Kh6 36. Rd4 Re1+ 37. Kh2 b6 38. Rd7 a5 39. Rd6 Rb1 40.
Rxf7 Rb2+ 41. Kg3 1-0

[Event "Late-Titled-Tuesday-Blitz-March-19-2024"]
[Site "Chess.com"]
[Date "2024.03.19"]
[Round "11"]
[White "Njal28"]
[Black "Zhigalko_Sergei"]
[Result "0-1"]
[WhiteElo "3031"]
[BlackElo "2902"]
[TimeControl "180+1"]
[EndTime "16:04:11 PDT"]
[Termination "Zhigalko_Sergei won by checkmate"]

1. d4 b5 2. e4 Bb7 3. Bxb5 Bxe4 4. Nf3 Nf6 5. O-O e6 6. c4 Bb7 7. Nc3 Be7 8. d5 O-O 9. Re1 c6 10. dxc6 Nxc6 11. Bf4 d6 12. Qd2 Qc7 13. Rad1 Rfd8 14.
Bg3 a6 15. Ba4 Nh5 16. b3 Nxg3 17. hxg3 Ne5 18. Nd4 Bf6 19. Qe2 d5 20. f4 Ng6 21. f5 exf5 22. Nxd5 Bxd5 23. cxd5 Rxd5 24. Qf3 Qc5 25. Kh2 Bxd4 26. Rc1 Qd6 27. Bc6 Ne5 28. Qxd5 Qh6# 0-1